 Dungeon Crawl Stone Soup version 0.19-a0-442-g8935a21 (webtiles) character file.

84 Ordine the Changer (level 4, 0/28 HPs)
             Began as an Octopode Transmuter on June 1, 2016.
             Slain by a hobgoblin
             ... wielding a +1 spear of venom
              (3 damage)
             ... on level 2 of the Dungeon.
             The game lasted 00:03:37 (2039 turns).

Ordine the Changer (Octopode Transmuter)            Turns: 2039, Time: 00:03:40

Health: 0/28       AC:  1    Str:  7 (9)  XL:     4   Next: 46%
Magic:  7/7        EV: 12    Int: 15 (16) God:
Gold:   66         SH:  0    Dex: 11 (12) Spells: 1 memorised, 6 levels left

rFire  + . .     SeeInvis .       - Unarmed
rCold  + . .     Gourm    .     (no shield)
rNeg   . . .     Faith    .     (helmet restricted)
rPois  +         Spirit   .     (no amulet)
rElec  +         Dismiss  .     (no ring)
rCorr  +         Reflect  .     (no ring)
SustAt .         Harm     .     (no ring)
MR     .....                    (no ring)
Stlth  ++........               (no ring)
                                (no ring)
                                (no ring)
                                (no ring)

@: lethally poisoned (0 -> -28), resistant, not resistant to hostile
enchantments, unstealthy
A: almost no armour, amphibious, 8 rings, constrict 8, camouflage 1, gelatinous
body 1
a: no special abilities


You were on level 2 of the Dungeon.
You were not hungry.

You visited 1 branch of the dungeon, and saw 2 of its levels.

You collected 66 gold pieces.

Inventory:

Jewellery
 e - an uncursed ring of stealth {unknown}
Scrolls
 h - 2 scrolls of enchant armour
 n - a scroll of magic mapping
Potions
 m - a potion of haste {unknown}
Books
 b - a book of Changes

   Spells                             Type                      Level
   a - Beastly Appendage              Transmutation                1
   b - Sticks to Snakes               Transmutation                2
   c - Spider Form                    Transmutation/Poison         3
   d - Ice Form                       Ice/Transmutation            4
   e - Blade Hands                    Transmutation                5
Comestibles
 c - a bread ration
 g - a slice of pizza
 k - 2 chunks of flesh
 l - a meat ration


   Skills:
 - Level 1.0 Fighting
 - Level 2.0 Dodging
 - Level 3.0 Unarmed Combat
 - Level 2.0 Spellcasting
 + Level 4.5 Transmutations


You had 6 spell levels left.
You knew the following spells:

 Your Spells              Type           Power        Failure   Level  Hunger
a - Beastly Appendage     Tmut           ###...       3%          1    #......


Dungeon Overview and Level Annotations

Branches:
Dungeon (2/15)

Altars:
Dithmenos
Yredelemnul


Innate Abilities, Weirdness & Mutations

You cannot wear most types of armour.
You are amphibious.
You can wear up to eight rings at the same time.
You can use your tentacles to constrict eight enemies at once.
Your skin changes colour to match your surroundings (Stealth+).
Your rubbery body absorbs attacks. (AC +1)


Message History

The hobgoblin hits you but does no damage.
You feel sick.
The hobgoblin hits you but does no damage.
You feel sick.
The hobgoblin hits you but does no damage.
You are more poisoned.
* * * LOW HITPOINT WARNING * * *
You feel sick.
The hobgoblin hits you but does no damage.
You feel less woody.
* * * LOW HITPOINT WARNING * * *
You feel very sick. The hobgoblin closely misses you.
It was a potion of degeneration.
There was something very wrong with that liquid.
You feel weakened.
You feel dopey.
You feel clumsy.
* * * LOW HITPOINT WARNING * * *
You feel sick.
The hobgoblin hits you from afar with a spear of venom.
You die...

*,***,* #.####... ********
*,,...# #.#......
,,,,,,,*****##..## #.#.##.##
,,,,,,,,,,,,,....# ##.#.#...#
*****,#******#...# #......_..
,,,,,,...,*###...## #.#..#.).#
*****,....##....#.######.#..##.##
*****,...........##......#.......
,,,,,,........g)@.......##.....##
****,,....##.#†###############...
**,,.,,,*#.#.# #÷##.##
***,,,,,,,,....# #.##.(.
,,,,,*****##.#.# #.##### ****,,,*
#...# #...... ,,,,,,,** #..##
####### ,,,,,,,,* #..* #
*****,,,****,,* #


You could see a hobgoblin.

Vanquished Creatures
  5 adders (D:2)
  2 worms (D:2)
  A giant gecko (D:1)
  3 giant cockroaches (D:2)
  3 goblins
  A hobgoblin (D:2)
  3 jackals (D:2)
  A quokka (D:2)
  6 bats
  7 giant newts
  3 kobolds
  4 rats
39 creatures vanquished.

Notes
Turn   | Place    | Note
--------------------------------------------------------------
     0 | D:1      | Ordine the Octopode Transmuter began the quest for the Orb.
     0 | D:1      | Reached XP level 1. HP: 13/13 MP: 3/3
   312 | D:1      | Reached XP level 2. HP: 18/18 MP: 5/5
   685 | D:2      | Reached skill level 3 in Transmutations
   864 | D:2      | Reached XP level 3. HP: 18/23 MP: 6/6
  1422 | D:2      | Found a shadowy altar of Dithmenos.
  1478 | D:2      | Reached skill level 4 in Transmutations
  1549 | D:2      | Found a basalt altar of Yredelemnul.
  1658 | D:2      | Reached XP level 4. HP: 28/28 MP: 7/7
  2039 | D:2      | Slain by a hobgoblin

Vault maps used:
D:1:      evilmike_arrival_plus, serial_forest, infiniplex_forest_lined_3_way,
          infiniplex_forest_lined_1, infiniplex_forest_lined_2,
          infiniplex_forest_lined_room_2, infiniplex_forest_clump_tiny,
          infiniplex_forest_lined_room_3, infiniplex_forest_clump_diagonal
D:2:      lemuel_doored_altar, nicolae_overflow_crystal_walls,
          grunt_decor_one_mirror

Skill      XL: |  1  2  3 |
---------------+----------+-----
Transmutations | 3 4 |  4.5
Fighting       | |  1.0
Dodging        | |  2.0
Unarmed Combat | |  3.0
Spellcasting   | |  2.0

Action                   |  1- 3 |  4- 6 || total
-------------------------+-------+-------++-------
Melee: Unarmed           |    68 |    24 ||    92
       Constrict         |    18 |     5 ||    23
       Tentacles         |    11 |     1 ||    12
       Punch             |     3 |     1 ||     4
  Use: Scroll            |     5 |       ||     5
       Potion            |       |     5 ||     5
 Stab: Sleeping          |    10 |     1 ||    11
  Eat: Chunk             |     2 |     1 ||     3
Armor: Skin              |     5 |    38 ||    43
Dodge: Dodged            |    25 |    19 ||    44
